 Dungeon Crawl Stone Soup version 0.32-a0-473-gd044c6f0f0 (webtiles) character file.

Game seed: 5716641316127463763

2499 ezpacito the Trooper (level 9, 0/68 HPs)
             Began as a Demonspawn Chaos Knight on Feb 25, 2024.
             Was a Plaything of Xom.
             Slain by a bullfrog (4 damage)
             ... on level 9 of the Dungeon.
             The game lasted 00:10:25 (5814 turns).

ezpacito the Trooper (Demonspawn Chaos Knight)      Turns: 5814, Time: 00:10:25

Health: 0/68       AC: 12    Str: 15    XL:     9   Next: 28%
Magic:  14/14      EV: 11    Int: 12    God:    Xom [.*....]
Gold:   350        SH:  0    Dex: 15    Spells: 2/15 levels left

rFire   + . .        a - +1 hand axe (chaos)
rCold   + . .        (no shield)
rNeg    + . .        p - +0 scale mail "Bet Qium" {rPois rF+ Stlth+}
rPois   +            d - +0 helmet
rElec   .            i - +0 cloak
rCorr   .            (no gloves)
SInv    .            (no boots)
Will    .....        h - amulet of faith
Stlth   ++           j - ring of positive energy
HPRegen 0.31/turn    n - ring of protection from cold
MPRegen 0.14/turn

%: faith
@: no status effects
A: claws 1, yellow scales 2, foul stench 1, spiny 1, sense surroundings 1
a: Renounce Religion


You were on level 9 of the Dungeon.
You worshipped Xom.
You were a plaything of Xom.
You visited 2 branches of the dungeon, and saw 8 of its levels.

You collected 350 gold pieces.

Inventory:

Hand Weapons
 a - a +1 hand axe of chaos (weapon)
 u - a +0 war axe of venom
Missiles
 f - 6 boomerangs (quivered)
 k - 18 poisoned darts
 o - 2 darts of dispersal
 s - 3 javelins
Armour
 d - a +0 helmet (worn)
 i - a +0 cloak (worn)
 p - the +0 scale mail "Bet Qium" (worn) {rPois rF+ Stlth+}
   (You found it on level 2 of the Dungeon)

   rF+:       It protects you from fire.
   rPois:     It protects you from poison Stlth+: It makes you more stealthy.
 r - a +0 plate armour
 H - the +2 leather armour of Ihapisyll {Will+ Int+4}
   (You took it off a gnoll on level 4 of the Dungeon)

   Int+4:     It affects your intelligence (+4).
   Will+:     It increases your willpower.
Jewellery
 c - a ring of fire
 h - an amulet of faith (around neck)
 j - a ring of positive energy (left claw)
 n - a ring of protection from cold (right claw)
 t - a +5 ring of evasion
 C - a ring of see invisible
 E - a ring of ice
Talismans
 g - a beast talisman
 m - a flux talisman
 w - a blade talisman
Wands
 l - a wand of roots (7)
 v - a wand of flame (66)
 I - a wand of polymorph (9)
Scrolls
 q - a scroll of identify
 x - a scroll of noise
 y - 4 scrolls of teleportation
Potions
 e - a potion of lignification


   Skills:
 * Level 5.2 Fighting
 * Level 4.8(5.1) Axes
 + Level 2.4(3.9) Polearms
 + Level 2.4 Throwing
 * Level 4.2 Armour
 * Level 3.9 Dodging
 + Level 2.9 Stealth
 * Level 3.5 Unarmed Combat
 * Level 3.6 Spellcasting
 + Level 1.0 Hexes
 + Level 1.1 Summonings
 * Level 2.1 Necromancy
 + Level 2.5 Evocations


You had 2 spell levels left.
You knew the following spells:

 Your Spells              Type           Power      Damage    Failure   Level
a - Haunt                 Necr/Summ      3%         N/A       100%        7
b - Call Canine Familiar  Summ           4%         N/A       85%         3
c - Sigil of Binding      Hex            4%         N/A       86%         3

Your spell library contained the following spells:

 Spells                   Type           Power      Damage    Failure   Level
 Freeze                   Ice            8%         1d3       65%         1
 Frozen Ramparts          Ice            4%         1d1       95%         3
 Hailstorm                Conj/Ice       2%         3d5       95%         3
 Dimensional Bullseye     Hex/Tloc       1%         N/A       100%        4
 Borgnjor's Revivificati  Necr           3%         N/A       100%        8
 Death's Door             Necr           3%         N/A       100%        9


Dungeon Overview and Level Annotations

Branches:
Dungeon (6/15)             Temple (1/1) D:4

Altars:
Ashenzari
Cheibriados
Dithmenos
Fedhas
Gozag
Hepliaklqana
Kikubaaqudgha
Makhleb
Nemelex Xobeh
Qazlal
Ru
Sif Muna
Trog
Uskayaw
Wu Jian
Xom
Yredelemnul

Portals:
Bailey: D:9

Annotations:
Temple 2 transporters


Innate Abilities, Weirdness & Mutations

You have sharp fingernails.
You are mostly covered in yellow scales. (AC +3)
You may rarely emit foul miasma when damaged in melee.
You are partially covered in sharp spines.
You passively map a small area around you.


Message History

The bullfrog hits you but does no damage.
The orc priest mumbles some strange prayers to Beogh against you.
Beogh smites you!
* * * LOW HITPOINT WARNING * * *
An orc comes into view. It is wielding a +0 whip.
The orc warrior is engulfed in dark miasma.
The orc warrior looks even sicker.
The orc warrior is struck by your spines.
The orc warrior closely misses you.
The orc shouts!
You feel your dexterity returning.
Your Hexes skill increases to level 1!
You barely miss the bullfrog.
You hit the orc warrior but do no damage.
The bullfrog is struck by your spines. The bullfrog closely misses you.
The orc priest invokes the aid of Beogh against you.
Beogh smites you!
* * * LOW HITPOINT WARNING * * *
The orc warrior is engulfed in dark miasma.
The orc warrior looks even sicker.
The orc warrior seems to slow down.
The orc warrior closely misses you. The bullfrog closely misses you.
As you read the scroll of torment, it crumbles to dust.
Your body is wracked with pain!
* * * LOW HITPOINT WARNING * * *
The bullfrog convulses!
The orc priest convulses! x2
The orc warrior is no longer moving slowly.
The bullfrog is struck by your spines.
The bullfrog hits you but does no damage.
You barely miss the bullfrog.
The bullfrog is severely wounded.
You hit the orc warrior but do no damage.
You are now a plaything of Xom.
The bullfrog hits you but does no damage.
The orc warrior is engulfed in dark miasma.
The orc warrior looks as sick as possible!
You kill the orc warrior!
An orc warrior comes into view. It is wielding a +0 long sword.
The bullfrog hits you.
You die...
Xom titters!

+..........# ** *
#..........+ ,
#..........# , *
, ,#..........# ,
* * ,
##...##....# , *
## * #....# #####
#....# ....## ,
,.##....##)....##
.......°@Fo......
*
..##....##o...)..
#+ #...o#*'..=∩).
* ,, , ........
.o.[.. * ,
.##....# ,..... .
*#....#* ...#.
#..... ,.## , ,
#.... , .#* , , ,


You could see an orc warrior, a bullfrog, 2 orc priests and an orc.

Vanquished Creatures
  Grinder (D:3)
  The ghost of Strat the Chopper, an amateur MDFi (D:5)
  A water moccasin (D:6)
  An orc warrior (D:9)
  3 ice beasts
  2 black bears
  A boggart (D:5)
  A phantom (D:4)
  A centaur (D:9)
  2 kobold brigands
  A bullfrog (D:6)
  4 scorpions
  A howler monkey (D:4)
  2 orc priests
  2 quasits (D:5)
  3 hounds
  Jessica (D:3)
  An iguana (D:5)
  2 sleepcaps
  2 orc wizards (D:6)
  A centaur simulacrum (D:5)
  A bullfrog simulacrum (D:5)
  A killer bee simulacrum (D:5)
  Robin (D:3)
  18 gnolls (D:4)
  9 adders
  A shadow imp (D:5)
  2 white imps
  A howler monkey simulacrum (D:5)
  2 ufetubi
  A ribbon worm (D:2)
  2 dart slugs
  45 orcs
  6 ball pythons
  6 endoplasms
  A giant cockroach (D:1)
  14 goblins
  8 hobgoblins
  11 jackals (D:4)
  9 kobolds
  4 quokkas
  4 bats
  5 frilled lizards
  3 rats
189 creatures vanquished.

Vanquished Creatures (collateral kills)
  2 goblins (D:3)
2 creatures vanquished.

Vanquished Creatures (others)
  An orc wizard (D:9)
  A ball python (D:1)
2 creatures vanquished.

Grand Total: 193 creatures vanquished

Notes
Turn   | Place    | Note
-------+----------+-------------------------------------------
     0 | D:1      | ezpacito the Demonspawn Chaos Knight began the quest for
                  | the Orb.
     0 | D:1      | Reached XP level 1. HP: 18/18 MP: 1/1
    95 | D:1      | Reached skill level 1 in Dodging
   124 | D:1      | XOM: silly message
   360 | D:1      | Gained mutation: You may rarely emit foul miasma when
                  | damaged in melee. [demonic ancestry]
   360 | D:1      | Reached XP level 2. HP: 24/24 MP: 2/2
   565 | D:1      | XOM: enchant monster (good)
   590 | D:1      | Found a faded altar of an unknown god.
   898 | D:2      | Gained mutation: You are partially covered in yellow
                  | scales. (AC +2) [demonic ancestry]
   898 | D:2      | Reached XP level 3. HP: 29/29 MP: 3/3
   957 | D:2      | XOM: 5-stop teleportation journey
  1082 | D:2      | Identified the +0 scale mail "Bet Qium" {rPois rF+ Stlth+}
  1377 | D:2      | Reached skill level 1 in Spellcasting
  1525 | D:2      | XOM: divination: detect items
  1610 | D:2      | Gained mutation: You are mostly covered in yellow scales.
                  | (AC +3) [demonic ancestry]
  1610 | D:2      | Reached XP level 4. HP: 32/35 MP: 5/5
  1753 | D:3      | XOM: 3-stop teleportation journey
  1814 | D:3      | Noticed Robin
  1825 | D:3      | Reached skill level 1 in Unarmed Combat
  1834 | D:3      | XOM: cast spell 'Animate Armour'
  1843 | D:3      | Killed Robin
  1882 | D:3      | Noticed a black bear
  1891 | D:3      | Killed a black bear
  1892 | D:3      | Gained mutation: You have sharp fingernails. [demonic
                  | ancestry]
  1892 | D:3      | Reached XP level 5. HP: 39/41 MP: 5/7
  1949 | D:3      | Noticed Grinder
  1952 | D:3      | XOM: divination: magic mapping
  1969 | D:3      | Killed Grinder
  1970 | D:3      | Reached skill level 1 in Polearms
  1970 | D:3      | Reached skill level 1 in Stealth
  1970 | D:3      | Reached skill level 1 in Evocations
  1970 | D:3      | Gained mutation: You are partially covered in sharp spines.
                  | [demonic ancestry]
  1970 | D:3      | Reached XP level 6. HP: 39/48 MP: 8/8
  2018 | D:3      | XOM: silly message
  2133 | D:3      | Noticed Jessica
  2138 | D:3      | Killed Jessica
  2139 | D:3      | Reached skill level 1 in Throwing
  2324 | D:3      | XOM: divination: detect items
  2512 | D:4      | Reached skill level 4 in Fighting
  2568 | D:4      | Found a staircase to the Ecumenical Temple.
  2628 | Temple   | Found a transporter.
  2628 | Temple   | Found a transporter.
  2628 | Temple   | Found a transporter.
  2628 | Temple   | Found a transporter.
  2628 | Temple   | Entered the Ecumenical Temple
  2697 | D:4      | Reached XP level 7. HP: 52/54 MP: 10/10
  2956 | D:4      | XOM: torment (26/54 hp)
  3071 | D:4      | Noticed Sigmund
  3073 | D:4      | Sigmund changed into Sigmund the ice beast
  3073 | D:4      | Noticed Sigmund
  3073 | D:4      | XOM: polymorph Sigmund -> Sigmund the ice beast
  3080 | D:4      | Killed Sigmund the ice beast
  3220 | D:4      | XOM: confusion
  3227 | D:4      | XOM: 3-stop teleportation journey
  3465 | D:4      | XOM: noise
  3537 | D:4      | XOM: torment (28/54 hp)
  3642 | D:4      | Identified the +2 leather armour of Ihapisyll {Will+ Int+4}
  3705 | D:4      | XOM: butterfly on damage
  3727 | D:4      | XOM: smoke on damage
  3732 | D:4      | Gained mutation: You passively map a small area around you.
                  | [potion of mutation]
  4139 | D:5      | Entered Level 5 of the Dungeon
  4142 | D:5      | XOM: enchant monster (bad)
  4146 | D:4      | Reached XP level 8. HP: 38/61 MP: 11/11
  4237 | D:5      | XOM: 1-stop teleportation journey
  4239 | D:5      | Found an ornate altar of the Wu Jian Council.
  4547 | D:5      | XOM: 5-stop teleportation journey
  4652 | D:5      | Found a runed translucent gate.
  4652 | D:5      | Found a runed translucent gate.
  4652 | D:5      | Found a runed translucent gate.
  4695 | D:5      | Noticed Strat's ghost (amateur MDFi)
  4876 | D:5      | XOM: torment (27/61 hp)
  5083 | D:5      | XOM: noise
  5130 | D:5      | Learned a level 7 spell: Haunt
  5134 | D:5      | Learned a level 3 spell: Call Canine Familiar
  5138 | D:5      | Learned a level 3 spell: Sigil of Binding
  5144 | D:5      | XOM: noise
  5149 | D:5      | XOM: summons 5 hostile demons
  5150 | D:5      | Noticed a soul eater
  5237 | D:5      | XOM: repel stairs
  5257 | D:5      | Killed Strat's ghost
  5258 | D:5      | Reached skill level 5 in Fighting
  5427 | D:5      | Reached skill level 1 in Necromancy
  5464 | D:6      | XOM: noise
  5479 | D:6      | Reached XP level 9. HP: 48/68 MP: 12/14
  5480 | D:6      | XOM: god gift: 2 darts of dispersal
  5489 | D:5      | Reached skill level 1 in Summonings
  5790 | D:6      | You fall into a shaft and drop 3 floors!
  5794 | D:9      | Found a flagged portal.
  5812 | D:9      | Reached skill level 1 in Hexes
  5814 | D:9      | Slain by a bullfrog

Illustrated notes

Levels and vault maps discovered:
D:1:      shiori_arrival_elements, layout_basic,
          hellmonk_ecumenical_altar_crossroads, st_stairs_2, minivault_26
D:2:      layout_basic
D:3:      layout_loops_ring, uniq_grinder, uniq_robin, uniq_jessica
D:4:      lemuel_castle_with_subvaults [lemuel_castle_interior_carwin_1],
          layout_basic, mainiacjoe_overflow_six_doors_small,
          minmay_temple_entry_large_hall, uniq_sigmund
D:5:      layout_cave_pools, nicolae_wu_jian_wuxing_cycle, gammafunk_ghost_icy
D:6:      gammafunk_wand_slinger, layout_cave_pools, fiery_altar_vehumet,
          serial_demonic, serial_demonic_c, serial_demonic_b, serial_demonic_d,
          serial_demonic_c, serial_demonic_c, serial_demonic_a, serial_demonic_e
D:9:      layout_gridville, enter_bailey_2
Temple:   hellmonk_temple_divided_pantheon

Skill      XL: |  1  2  3  4  5  6  7  8  9 |
---------------+----------------------------+-----
Dodging        | 1 2 3 |  3.9
Armour         | 2 3 4 |  4.2
Axes           | 3 4 |  4.8
Spellcasting   | 1 2 3 |  3.6
Unarmed Combat | 1 2 3 |  3.5
Polearms       | 1 2 |  2.4
Stealth        | 1 2 |  2.9
Evocations     | 1 2 |  2.5
Throwing       | 1 2 |  2.4
Fighting       | 4 5 |  5.2
Necromancy     | 1 2 |  2.1
Summonings     | 1 |  1.1
Hexes          | 1 |  1.0

Action                     |  1- 3 |  4- 6 |  7- 9 || total
---------------------------+-------+-------+-------++-------
  Melee: Hand axe          |   144 |   108 |   270 ||   522
    Use: Potion            |       |     1 |    10 ||    11
         Scroll            |       |       |    13 ||    13
   Stab: Sleeping          |     1 |     4 |     1 ||     6
         Paralysed         |     1 |     1 |     2 ||     4
         Confused          |     1 |       |     1 ||     2
         Petrified         |       |    10 |       ||    10
         Distracted        |       |     1 |       ||     1
 Armour: Leather armour    |    73 |       |       ||    73
         Scale mail        |    31 |    68 |   282 ||   381
         Skin              |       |       |    10 ||    10
  Dodge: Dodged            |    90 |    40 |   188 ||   318

Table legend: (Time is in decaauts)
 A = Elapsed time spent in this place.
 B = Non-inter-level travel time spent in this place.
 C = Inter-level travel time spent in this place.
 D = Time resting spent in this place.
 E = Time spent auto-exploring this place.
 F = Levels seen in this place.
 G = Mean time per level.
                   A        B        C        D        E       F      G
               +--------+--------+--------+--------+--------+-----+--------+
         Total |   5892 |   5665 |    227 |    810 |   3432 |   8 |  736.5 |
       Dungeon |   5890 |   5664 |    226 |    810 |   3432 |   7 |  841.4 |
        Temple |      1 |      1 |      0 |      0 |      0 |   1 |    1.0 |
               +--------+--------+--------+--------+--------+-----+--------+

Top non-repeatable levels by time:
     D:4: 1812 daAuts
     D:5: 1343 daAuts
     D:1: 906 daAuts
     D:2: 827 daAuts
     D:3: 798 daAuts
     D:6: 178 daAuts
     D:9: 24 daAuts
  Temple: 1 daAuts
